 Dungeon Sprint DCSS version 0.17-a0-1248-g117de50 (webtiles) character file.

65 Kidiri the Sneak (level 4, 0/24 HPs)
             Began as a Gargoyle Ice Elementalist on June 5, 2015.
             Was an Initiate of Vehumet.
             Killed from afar by a deep elf mage (15 damage)
             ... with a stone arrow
             ... in the Dungeon (Sprint V: "Ziggurat Sprint").
             The game lasted 00:03:06 (224 turns).

Kidiri the Sneak (Gargoyle Ice Elementalist)         Turns: 224, Time: 00:03:06

Health: 0/24       AC: 15    Str: 11    XL:     4   Next: 13%
Magic:  1/10       EV: 12    Int: 23    God:    Vehumet [......]
Gold:   0          SH:  0    Dex: 10    Spells: 4 memorised, 1 level left

rFire  . . .     SeeInvis .     E - staff of energy
rCold  . . .     Clarity  .     a - +0 robe
rNeg   + . .     SustAt   .     (no shield)
rPois  ∞         Gourm    .     (no helmet)
rElec  +         Spirit   .     (no cloak)
rCorr  .         Warding  .     (no gloves)
rMut   .         NoTele   +     (no boots)
MR     .....                    (no amulet)
Stlth  ++++......               M - ring "Meiphanuar" {+Inv rElec AC+4 Stlth+}
                                A - +6 ring of intelligence

@: icy armour, not resistant to hostile enchantments, stealthy
A: negative energy resistance 1, electricity resistance, unbreathing,
petrification resistance, rot immunity, AC +3
a: Renounce Religion, Evoke Invisibility


You were in the Dungeon.
You worshipped Vehumet.
Vehumet was noncommittal.
You were not hungry.

You visited 1 branch

Inventory:

Hand weapons
 K - a +5 quick blade
Armour
 a - a +0 robe (worn)
Magical staves
 E - an uncursed staff of energy (weapon)
Jewellery
 y - a +6 ring of dexterity
 z - a +6 ring of dexterity
 A - a +6 ring of intelligence (left hand)
 B - a +6 ring of intelligence
 C - a +6 ring of strength
 D - a +6 ring of strength
 M - the ring "Meiphanuar" (right hand) {+Inv rElec AC+4 Stlth+}
   (You found it in the Dungeon)

   [ring of protection]

   It affects your AC (+4).
   It insulates you from electricity.
   It lets you turn invisible.
   It makes you more stealthy.
Magical devices
 G - a wand of disintegration (7)
 H - a wand of fire (5)
 I - a wand of cold (5)
 J - a wand of draining (5)
Scrolls
 i - 4 scrolls of blinking
 m - a scroll of brand weapon
 p - 4 scrolls of amnesia
 q - 3 scrolls of recharging
 r - 7 scrolls of fog
 s - a scroll of holy word
 t - 5 scrolls of identify
 u - 5 scrolls of remove curse
 v - 2 scrolls of fear
Potions
 d - 8 potions of curing
 e - 10 potions of heal wounds
 f - 6 potions of haste
 g - 7 potions of magic
 h - 3 potions of berserk rage
 j - 2 potions of brilliance
 k - 2 potions of invisibility
 l - 4 potions of resistance
 n - 5 potions of agility
 o - 5 potions of might
Books
 b - a book of Frost

   Spells                             Type                      Level
   a - Freeze                         Ice                          1
   b - Throw Frost                    Conjuration/Ice              2
   c - Ozocubu's Armour               Charms/Ice                   3
   d - Throw Icicle                   Conjuration/Ice              4
   e - Summon Ice Beast               Ice/Summoning                4
   f - Condensation Shield            Ice                          4
Miscellaneous
 F - a crystal ball of energy
Comestibles
 c - 5 bread rations
 w - 42 fruits
 x - 4 meat rations
 L - 2 chunks of flesh


   Skills:
 + Level 3.0 Dodging
 * Level 5.8 Stealth
 * Level 4.4 Spellcasting
 * Level 2.9 Conjurations
 * Level 5.4 Ice Magic
 + Level 2.4 Evocations


You had one spell level left.
You knew the following spells:

 Your Spells              Type           Power        Failure   Level  Hunger
a - Freeze                Ice            ####         1%          1    None
b - Throw Frost           Conj/Ice       ###...       2%          2    None
c - Ozocubu's Armour      Chrm/Ice       ###.....     12%         3    None
d - Condensation Shield   Ice            ####......   12%         4    None


Dungeon Overview and Level Annotations

Branches:
Dungeon (1/1)

Altars:
Ashenzari
Cheibriados
Dithmenos
Elyvilon
Fedhas
Gozag
Kikubaaqudgha
Makhleb
Nemelex Xobeh
Okawaru
Qazlal
Ru
Sif Muna
Trog
Vehumet
Xom
Yredelemnul
Zin
The Shining One
Beogh
Jiyva
Lugonu


Innate Abilities, Weirdness & Mutations

You are resistant to torment.
Your stone body is resilient (AC +3).
You are immune to poison.
You resist negative energy.
You are resistant to electric shocks.
You can survive without breathing.
You are immune to petrification.
You are immune to rotting.


Message History

Aiming: Throw Frost
Press: ? - help, Shift-Dir - straight line, f/p - deep elf priest
Aim: a deep elf priest, wielding a scimitar (moderately wounded)
The puff of frost hits the deep elf priest.
The deep elf priest is severely wounded.
The deep elf priest unwields an uncursed scimitar.
The deep elf priest wields a shortbow.
The deep elf priest shoots an arrow.
The arrow hits you!
The deep elf fighter shoots an arrow.
The arrow closely misses you.
Casting: Throw Frost
Confirm with . or Enter, or press ? or * to list all spells.
Aiming: Throw Frost
Press: ? - help, Shift-Dir - straight line, f/p - deep elf priest
Aim: a deep elf priest, wielding a shortbow (severely wounded)
The puff of frost hits the deep elf priest.
The deep elf priest is almost dead.
The deep elf mage gestures at you while chanting.
The stone arrow hits you!
Ouch! That really hurt!
You die...

▓▓▓▓▓▓▓▓▓▓▓▓▓
▓.8©8.▓.8©8.▓
▓.:}}.▓.....▓
▓.eee.▓.....▓
▓.....▓.....▓
▓.....▓...).▓
▓.....▓.)...▓
▓..@..▓▓▓▓▓▓▓
▓▓▓▓▓▓▓


You could see a deep elf priest, a deep elf fighter and a deep elf mage.

Vanquished Creatures
  An orc wizard (D)
  An orc priest (D)
2 creatures vanquished.

Vanquished Creatures (others)
  2 spatial maelstroms (D)
2 creatures vanquished.

Grand Total: 4 creatures vanquished

Notes
Turn   | Place    | Note
--------------------------------------------------------------
     0 | D        | Kidiri the Gargoyle Ice Elementalist began the quest for the Orb.
     0 | D        | Reached XP level 1. HP: 10/10 MP: 3/3
     0 | D        | Found a roughly hewn altar of Beogh.
     0 | D        | Found a viscous altar of Jiyva.
     0 | D        | Found a corrupted altar of Lugonu.
     0 | D        | Found a white marble altar of Elyvilon.
     0 | D        | Found a sparkling altar of Nemelex Xobeh.
     1 | D        | Found a burning altar of Makhleb.
     1 | D        | Found an iron altar of Okawaru.
     1 | D        | Found a deep blue altar of Sif Muna.
     1 | D        | Found a radiant altar of Vehumet.
     1 | D        | Found a bloodstained altar of Trog.
     1 | D        | Found a shimmering altar of Xom.
     3 | D        | Banished a spatial maelstrom
    15 | D        | Banished a spatial maelstrom
    38 | D        | Became a worshipper of Vehumet
    39 | D        | Reached skill level 4 in Stealth
    39 | D        | Reached skill level 1 in Evocations
    39 | D        | Reached XP level 2. HP: 15/15 MP: 3/6
    43 | D        | Learned a level 2 spell: Throw Frost
    70 | D        | Entered arena 1.
    70 | D        | Noticed an orc wizard
    70 | D        | Noticed an orc priest
    75 | D        | Killed an orc priest
    75 | D        | Reached skill level 5 in Stealth
    75 | D        | Reached skill level 5 in Ice Magic
    75 | D        | Reached XP level 3. HP: 10/19 MP: 0/8
    81 | D        | Killed an orc wizard
    81 | D        | Reached XP level 4. HP: 12/24 MP: 0/10
    86 | D        | Learned a level 3 spell: Ozocubu's Armour
    91 | D        | Learned a level 4 spell: Condensation Shield
   104 | D        | Got the ring "Meiphanuar" {+Inv rElec AC+4 Stlth+}
   220 | D        | Entered arena 2.
   220 | D        | Noticed a deep elf priest
   220 | D        | Noticed a deep elf fighter
   220 | D        | Noticed a deep elf mage
   224 | D        | Killed from afar by a deep elf mage

Vault maps used:
D:        sprint_v

Action                   |  1- 3 |  4- 6 || total
-------------------------+-------+-------++-------
Melee: Staff             |     2 |       ||     2
 Cast: Freeze            |     3 |     1 ||     4
       Throw Frost       |     1 |     3 ||     4
       Ozocubu's Armour  |       |     1 ||     1
Evoke: Staff of energy   |     1 |       ||     1
  Use: Potion            |     3 |       ||     3
